 Dungeon Crawl Stone Soup version 0.25.1-1-g288607f5aa (webtiles) character file.

Game seed: 3306029982366650359

66 H0rd4k the Insei (level 4, 0/28 HPs)
             Began as an Octopode Transmuter on July 28, 2020.
             Succumbed to an adder's poison
             ... on level 2 of the Dungeon.
             The game lasted 00:01:47 (2182 turns).

H0rd4k the Insei (Octopode Transmuter)              Turns: 2182, Time: 00:01:47

Health: 0/28       AC:  1    Str:  9    XL:     4   Next: 15%
Magic:  7/7        EV: 13    Int: 16    God:
Gold:   94         SH:  0    Dex: 12    Spells: 1/7 levels left

rFire    . . .     SeeInvis .     - Unarmed
rCold    . . .     Gourm    .   (no shield)
rNeg     . . .     Faith    .   (helmet restricted)
rPois    .         Spirit   .   (no amulet)
rElec    .         Reflect  .   (no ring)
rCorr    .         Harm     .   (no ring)
MR       .....                  (no ring)
Stlth    +++.......             (no ring)
HPRegen  0.09/turn              (no ring)
MPRegen  0.10/turn              (no ring)
                                (no ring)
                                (no ring)

@: lethally poisoned (0 -> -4)
A: almost no armour, stealthy swim, amphibious, 8 rings, constrict 8, camouflage
1, gelatinous body 1
a: no special abilities


You were on level 2 of the Dungeon.
You were not hungry.

You visited 1 branch of the dungeon, and saw 3 of its levels.

You collected 94 gold pieces.

Inventory:

Missiles
 a - 12 arrows
 h - 4 curare-tipped darts (quivered)
Scrolls
 d - a scroll of magic mapping {unknown}
 g - a scroll of teleportation {unknown}
 k - a scroll of identify {unknown}
Potions
 e - a potion of mutation {unknown}
 i - a potion of lignification {unknown}
 j - a potion of curing {unknown}
Comestibles
 c - 3 rations


   Skills:
 + Level 1.0 Fighting
 + Level 2.3 Dodging
 + Level 2.1 Stealth
 + Level 4.0 Unarmed Combat
 * Level 2.2 Spellcasting
 * Level 2.2 Transmutations


You had one spell level left.
You knew the following spells:

 Your Spells              Type           Power        Failure   Level  Hunger
a - Beastly Appendage     Tmut           #.....       9%          1    #......
b - Sticks to Snakes      Tmut           #.......     12%         2    ###....
c - Spider Form           Tmut/Pois      #.........   36%         3    ###....

Your spell library contained the following spells:

 Spells                   Type           Power        Failure   Level  Hunger
 Ice Form                 Ice/Tmut       #.......     77%         4    #####..
 Blade Hands              Tmut           #.........   92%         5    ######.


Dungeon Overview and Level Annotations

Branches:
Dungeon (3/15)

Altars:
The Shining One


Innate Abilities, Weirdness & Mutations

You cannot wear most types of armour.
You are very stealthy in the water. (Stealth+)
You are amphibious.
You can wear up to eight rings at the same time.
You can use your tentacles to constrict eight enemies at once.
Your skin changes colour to match your surroundings (Stealth+).
Your rubbery body absorbs attacks. (AC +1, EV +1)


Message History

You closely miss the adder. Your grab misses the adder.
The adder is lightly wounded.
The adder closely misses you.
You tentacle-slap the adder but do no damage.
You grab the adder.
The adder is lightly wounded.
You constrict the adder. The adder misses you.
You barely miss the adder.
The adder is lightly wounded.
You constrict the adder. The adder misses you. The adder completely misses you.
You tentacle-slap the adder. Your squeeze misses the adder.
The adder is heavily wounded.
Your tentacle spike disappears.
You constrict the adder. The adder bites you.
* * * LOW HITPOINT WARNING * * *
You are lethally poisoned!
The adder poisons you!
It was a potion of cancellation.
You feel magically purged.
You constrict the adder.
You die...

.###.⌠..P....## #...# .#
#..........# #...############ .#
##.........# ##.............##
.####.........# #####.###.......
..#...........# ####.....####..
..............#####....###....#..
....................######.......
...........)..####### ###..#.#...
.........[....YS@..## #...##.....
..........[.>.####..###.####.....
..............# ##......##....<.
..............# #......#.......
..............#####..............
.................................
##...####....................#.#.
#............####...............
##.##...##....####...#.......#.#.


You could see an ice beast and an adder.

Vanquished Creatures
  An adder (D:2)
  2 worms (D:2)
  4 dart slugs
  A leopard gecko (D:2)
  2 ball pythons
  2 giant cockroaches
  8 goblins
  4 hobgoblins (D:1)
  2 jackals (D:1)
  A quokka (D:2)
  3 bats (D:1)
  3 frilled lizards
  2 kobolds
  6 rats
41 creatures vanquished.

Notes
Turn   | Place    | Note
-------+----------+-------------------------------------------
     0 | D:1      | H0rd4k the Octopode Transmuter began the quest for the Orb.
     0 | D:1      | Reached XP level 1. HP: 13/13 MP: 3/3
    77 | D:1      | Reached XP level 2. HP: 11/18 MP: 5/5
   958 | D:1      | Reached XP level 3. HP: 21/23 MP: 6/6
   965 | D:1      | Learned a level 2 spell: Sticks to Snakes
   969 | D:1      | Learned a level 3 spell: Spider Form
  1394 | D:2      | Reached skill level 1 in Stealth
  1852 | D:2      | Reached XP level 4. HP: 27/28 MP: 7/7
  1855 | D:2      | Reached skill level 4 in Unarmed Combat
  2044 | D:2      | Found a glowing golden altar of the Shining One.
  2167 | D:3      | Noticed an ice beast
  2181 | D:2      | HP: 1/28 [adder (5)]
  2182 | D:2      | Succumbed to an adder's poison

Illustrated notes

Levels and vault maps discovered:
D:1:      lemuel_arrival_muddy, layout_loops_ring, minmay_misc_feat_doors
D:2:      layout_rooms, tso_oasis_becter, nicolae_overflow_hidden_temple,
          serial_glass, glass_columns_b, glass_columns_a
D:3:      layout_basic

Skill      XL: |  1  2  3  4 |
---------------+-------------+-----
Stealth        | 2 |  2.1
Unarmed Combat | 4 |  4.0
Fighting       | |  1.0
Dodging        | |  2.3
Spellcasting   | |  2.2
Transmutations | |  2.2

Action                   |  1- 3 |  4- 6 || total
-------------------------+-------+-------++-------
Melee: Unarmed           |    68 |    17 ||    85
       Constrict         |    20 |     3 ||    23
       Tentacles         |    13 |     1 ||    14
       Kick              |     3 |     3 ||     6
 Cast: Beastly Appendage |     2 |     2 ||     4
  Use: Potion            |       |     1 ||     1
 Stab: Sleeping          |     4 |     2 ||     6
  Eat: Chunk             |     3 |     1 ||     4
Armor: Skin              |    11 |     1 ||    12
Dodge: Dodged            |    30 |    14 ||    44
